 Dungeon Crawl Stone Soup version 0.32-a0-931-g5a2cda0630 (webtiles) character file.

Game seed: 13886298225869299584

345 Maxmaps the Fighter (level 6, -7/72 HPs)
             Began as an Oni Shapeshifter on Apr 14, 2024.
             Mangled by Crazy Yiuf
             ... wielding a +4 quarterstaff of chaos
              (13 damage)
             ... on level 2 of the Dungeon.
             The game lasted 00:04:42 (2772 turns).

Maxmaps the Fighter (Oni Shapeshifter)              Turns: 2772, Time: 00:04:42

Health: -7/72      AC:  3    Str: 19    XL:     6   Next: 58%
Magic:  0/6        EV:  8    Int: 13    God:
Gold:   214        SH:  0    Dex:  8    Spells: 5/5 levels left

rFire   . . .        b - +0 club
rCold   . . .        (no shield)
rNeg    . . .        a - +0 animal skin
rPois   +            (helmet currently unavailable)
rElec   .            (cloak currently unavailable)
rCorr   .            (gloves unavailable)
SInv    .            (boots unavailable)
Will    .....        (no amulet)
Stlth   +            f - ring of poison resistance
HPRegen 0.32/turn    (no ring)
MPRegen 0.10/turn

%: no passive effects
@: beast-form, weak-willed
A: beast (slay +1), large, unfitting armour, horns 1, tough skin 1, double
potion healing, drunken brawling
a: Begin Untransformation


You were on level 2 of the Dungeon.
You were a hulking beast.
You visited 1 branch of the dungeon, and saw 4 of its levels.

You collected 214 gold pieces.

Inventory:

Hand Weapons
 b - a +0 club (weapon)
Armour
 a - a +0 animal skin (worn)
Jewellery
 f - a ring of poison resistance (left hand)
Talismans
 c - a beast talisman (active)
 d - a flux talisman
Scrolls
 e - a scroll of vulnerability {unknown}
 g - a scroll of fear {unknown}
 i - a scroll of amnesia {unknown}
 j - a scroll of teleportation {unknown}
 k - a scroll of noise {unknown}
 l - 2 scrolls of poison {unknown}
 m - 2 scrolls of identify
 n - a scroll of brand weapon {unknown}
 o - a scroll of summoning {unknown}
Potions
 h - a potion of curing {unknown}
 p - a potion of haste
 q - a potion of cancellation


   Skills:
 - Level 8.3 Fighting
 + Level 0.1 Maces & Flails
 - Level 1.7 Dodging
 - Level 2.6 Unarmed Combat
 - Level 3.3 Shapeshifting


You had 5 spell levels left.
You didn't know any spells.
Your spell library was empty.

Dungeon Overview and Level Annotations

Branches:
Dungeon (4/15)
 Temple: D:4-7

Altars:

Annotations:
D:2 Crazy Yiuf, Natasha


Innate Abilities, Weirdness & Mutations

You are a hulking beast.
Your limbs bulge with bestial killing power. (Slay +1)
You are too large for most types of armour.
You have a pair of small horns on your head.
You have tough skin. (AC +1)
You gain doubled healing and magic from potions.
Whenever you drink a healing potion, you attack all around you.


Message History

You hit Crazy Yiuf.
You headbutt Crazy Yiuf, but do no damage.
Crazy Yiuf is moderately wounded.
Crazy Yiuf closely misses you.
You hit Crazy Yiuf but do no damage.
Crazy Yiuf is moderately wounded.
Crazy Yiuf hits you with a +4 quarterstaff of chaos!
You feel your power leaking away.
You hit Crazy Yiuf but do no damage.
Crazy Yiuf is moderately wounded.
Crazy Yiuf cries, "Snurf cloud infinity!"
Crazy Yiuf hits you with a +4 quarterstaff of chaos!
You hit Crazy Yiuf.
Crazy Yiuf is moderately wounded.
Crazy Yiuf barely misses you.
Crazy Yiuf hits you with a +4 quarterstaff of chaos!
You sock Crazy Yiuf! You headbutt Crazy Yiuf.
Crazy Yiuf is almost dead.
Crazy Yiuf hits you with a +4 quarterstaff of chaos!
You feel your power leaking away.
You hit Crazy Yiuf.
Crazy Yiuf is almost dead.
Crazy Yiuf says, "Candle disdain leg!"
Crazy Yiuf hits you with a +4 quarterstaff of chaos.
* * * LOW HITPOINT WARNING * * *
Crazy Yiuf burns you.
* * * LOW HITPOINT WARNING * * *
You closely miss Crazy Yiuf.
Crazy Yiuf is almost dead.
Crazy Yiuf glowers.
Crazy Yiuf hits you with a +4 quarterstaff of chaos.
* * * LOW HITPOINT WARNING * * *
Crazy Yiuf yells, "Gnoll song senile!"
Crazy Yiuf hits you with a +4 quarterstaff of chaos!
* * * LOW HITPOINT WARNING * * *
Your willpower is stripped away!
You closely miss Crazy Yiuf.
Crazy Yiuf is almost dead.
Crazy Yiuf hits you with a +4 quarterstaff of chaos!
You die...

#.... #.### #.#.. ###
#.#.# #.# #.#.#
#.###.#.# ###
♣♣##.....#.# #)).#♣♣
♣♣.#........#
#...gh♣♣♣♣......######
#÷).#♣).♣......## ###
♣♣♣.♣..#.########
♣♣♣♣♣###.......
#.#####. ### ### #.#
#. #.# #.# #.# #. #.#
#.# #.# #. #.# #.# #.#
##


You could see Crazy Yiuf.

Vanquished Creatures
  An ogre (D:4)
  2 orc priests (D:4)
  Natasha (D:2)
  2 orc wizards (D:4)
  Robin (D:4)
  An adder (D:4)
  4 gnolls (D:4)
  2 dart slugs (D:2)
  3 orcs (D:4)
  3 ball pythons
  2 endoplasms
  13 goblins
  6 hobgoblins
  6 kobolds
  3 quokkas (D:1)
  5 bats
  8 frilled lizards
  A rat (D:1)
64 creatures vanquished.

Notes
Turn   | Place    | Note
-------+----------+-------------------------------------------
     0 | D:1      | Maxmaps the Oni Shapeshifter began the quest for the Orb.
     0 | D:1      | Reached XP level 1. HP: 19/19 MP: 1/1
    73 | D:1      | Reached skill level 2 in Fighting
   284 | D:1      | Reached XP level 2. HP: 29/29 MP: 2/2
   307 | D:1      | Reached skill level 3 in Fighting
   770 | D:1      | Reached XP level 3. HP: 39/39 MP: 3/3
  1073 | D:2      | Reached skill level 4 in Fighting
  1479 | D:2      | Noticed Natasha
  1488 | D:2      | Killed Natasha
  1489 | D:2      | Reached skill level 5 in Fighting
  1489 | D:2      | Reached XP level 4. HP: 39/50 MP: 4/4
  1583 | D:2      | Found a runed translucent door.
  1584 | D:2      | Noticed Crazy Yiuf
  1649 | D:2      | Noticed Natasha
  1650 | D:2      | You fall into a shaft and drop 2 floors!
  1731 | D:4      | Reached skill level 6 in Fighting
  1731 | D:4      | Reached XP level 5. HP: 31/59 MP: 5/5
  1767 | D:4      | Reached skill level 7 in Fighting
  1772 | D:4      | Noticed Robin
  1810 | D:4      | Killed Robin
  2103 | D:4      | Noticed an ogre
  2175 | D:4      | Killed an ogre
  2176 | D:4      | Reached skill level 8 in Fighting
  2176 | D:4      | Reached XP level 6. HP: 62/72 MP: 6/6
  2772 | D:2      | Mangled by Crazy Yiuf

Illustrated notes

Levels and vault maps discovered:
D:1:      dpeg_arrival_simpleton_a, layout_basic, kennysheep_small_spiral
D:2:      layout_loops_ring, minmay_misc_feat_iff, nicolae_eternal_life,
          uniq_crazy_yiuf_cottage, uniq_natasha
D:3:      layout_basic, kennysheep_generic_room_8
D:4:      layout_layer_cave, grunt_temple_overflow_open,
          grunt_decor_mini_mirrors, uniq_robin

Skill      XL: |  1  2  3  4  5 |
---------------+----------------+-----
Fighting       | 2 3 5 6 8 |  8.3
Maces & Flails | |  0.1
Dodging        | |  1.7
Unarmed Combat | |  2.6
Shapeshifting  | |  3.3

Action                     |  1- 3 |  4- 6 || total
---------------------------+-------+-------++-------
  Melee: Unarmed           |    77 |    82 ||   159
         Headbutt          |     5 |    13 ||    18
         Punch             |     2 |     5 ||     7
         Club              |       |    13 ||    13
    Use: Potion            |       |     5 ||     5
         Scroll            |       |     1 ||     1
 Armour: Animal skin       |    47 |    53 ||   100
         Skin              |       |    14 ||    14
  Dodge: Dodged            |    29 |    27 ||    56

Table legend: (Time is in decaauts)
 A = Elapsed time spent in this place.
 B = Non-inter-level travel time spent in this place.
 C = Inter-level travel time spent in this place.
 D = Time resting spent in this place.
 E = Time spent auto-exploring this place.
 F = Levels seen in this place.
 G = Mean time per level.
                   A        B        C        D        E       F      G
               +--------+--------+--------+--------+--------+-----+--------+
         Total |   2747 |   2698 |     49 |    299 |   1920 |   4 |  686.8 |
       Dungeon |   2747 |   2698 |     49 |    299 |   1920 |   4 |  686.8 |
               +--------+--------+--------+--------+--------+-----+--------+

Top non-repeatable levels by time:
     D:1: 984 daAuts
     D:2: 877 daAuts
     D:4: 717 daAuts
     D:3: 167 daAuts
